 Dungeon Crawl Stone Soup version 0.29-a0-275-g389c0b56f3 (webtiles) character file.

Game seed: 17492393507235592043

35 epen the Chiller (level 3, 0/31 HPs)
             Began as a Naga Ice Elementalist on Mar 11, 2022.
             Slain by a gnoll
             ... wielding a +0 halberd of freezing
              (5 damage)
             ... on level 2 of the Dungeon.
             The game lasted 00:01:30 (1719 turns).

epen the Chiller (Naga Ice Elementalist)            Turns: 1719, Time: 00:01:31

Health: 0/31       AC:  2    Str: 10    XL:     3   Next: 35%
Magic:  6/6        EV: 10    Int: 17    God:
Gold:   56         SH:  0    Dex: 11    Spells: 5/6 levels left

rFire   . . .      SeeInvis +   k - +0 dagger
rCold   . . .      Faith    .   (no shield)
rNeg    . . .      Spirit   .   a - +0 robe
rPois   +          Reflect  .   (no helmet)
rElec   .          Harm     .   (no cloak)
rCorr   .          Rampage  .   (no gloves)
Will    .....                   (no barding)
Stlth   ++........              (no amulet)
HPRegen 0.10/turn               (no ring)
MPRegen 0.10/turn               (no ring)

@: very slow
A: AC +1, large, see invisible, deformed body, poison resistance, slowness 2,
spit poison 1, naga tail 1
a: Spit Poison


You were on level 2 of the Dungeon.
You visited 1 branch of the dungeon, and saw 2 of its levels.

You collected 56 gold pieces.

Inventory:

Hand Weapons
 k - a +0 dagger (weapon)
Armour
 a - a +0 robe (worn)
Jewellery
 l - a +4 ring of evasion
Scrolls
 d - a scroll of identify
 e - a scroll of fear {unknown}
 g - a scroll of blinking {unknown}
 h - a scroll of teleportation {unknown}
Potions
 b - 2 potions of magic
 c - a potion of resistance {unknown}
 f - a potion of lignification {unknown}
 i - a potion of attraction {unknown}
 j - a potion of degeneration


   Skills:
 + Level 1.2 Fighting
 + Level 2.0 Dodging
 - Level 3.0 Stealth
 + Level 2.3 Spellcasting
 + Level 4.3 Ice Magic


You had 5 spell levels left.
You knew the following spells:

 Your Spells              Type           Power      Damage    Failure   Level
a - Freeze                Ice            64%        1d8       3%          1

Your spell library contained the following spells:

 Spells                   Type           Power      Damage    Failure   Level
 Frozen Ramparts          Ice            32%        1d5       10%         3
 Ozocubu's Armour         Ice            16%        N/A       10%         3
 Tukima's Dance           Hex            2%         N/A       50%         3
 Hailstorm                Conj/Ice       9%         3d4       61%         4
 Anguish                  Hex/Necr       1%         N/A       88%         4
 Enfeeble                 Hex            1%         N/A       100%        7


Dungeon Overview and Level Annotations

Branches:
Dungeon (2/15)

Altars:

Annotations:
D:2 1 runed translucent door, Crazy Yiuf


Innate Abilities, Weirdness & Mutations

Your serpentine skin is tough. (AC +1)
You have supernaturally acute eyesight. (SInv)
Armour fits poorly on your strangely shaped body.
Your system is resistant to poisons. (rPois)
You cover ground very slowly.
You can spit poison.
You have a snake-like lower body.


Message History

l - a +4 ring of evasion A frilled lizard comes into view.
Found a mace.
A frilled lizard is nearby!
The helpless frilled lizard fails to defend itself.
You puncture the frilled lizard!
You kill the frilled lizard!
A bat comes into view.
You see here a +0 mace.
A bat is nearby!
Found 7 gold pieces.
The helpless bat fails to defend itself.
You hit the bat.
You kill the bat!
You see here a bat corpse.
You now have 56 gold pieces (gained 7).
b - 2 potions of magic (gained 1)
A gnoll comes into view.
It is wielding a +0 halberd of freezing.
The gnoll shouts!
You hear a shout!
A gnoll is nearby!
A gnoll comes into view. It is wielding a +0 club.
A gnoll comes into view. It is wielding a +0 halberd.
The gnoll barely misses you.
This spell is quite dangerous to cast!
Memorise Frozen Ramparts, consuming 3 spell levels and leaving 2?
The gnoll shouts!
You hear a shout!
The gnoll closely misses you.
You start memorising the spell.
You continue memorising.
The gnoll hits you from afar with a +0 halberd of freezing!
Your memorisation is interrupted.
The gnoll freezes you.
Casting: Freeze (safe; 3% risk of failure)
Confirm with . or Enter, or press ? or * to list all spells.
You don't know that spell.
As you read the scroll labelled TUR BEMIVEAWI, it crumbles to dust.
It is a scroll of identify.
j - a potion of degeneration The gnoll hits you from afar with a +0 halberd of freezing!
* * * LOW HITPOINT WARNING * * *
The gnoll freezes you.
You die...

#####.# #.# #.#
#.#
##########.#
#..........#
#.##########
#.#
#.##########
#.#
#...@.gg.g.g
#.#
#.##########
#.# #.#
#####.######.##
#.............#
###############


You could see 4 gnolls.

Vanquished Creatures
  2 adders (D:2)
  A dart slug (D:1)
  A bat (D:2)
  An endoplasm (D:1)
  A giant cockroach (D:2)
  2 hobgoblins (D:2)
  4 ball pythons (D:2)
  3 frilled lizards
  2 kobolds (D:2)
  2 rats (D:2)
19 creatures vanquished.

Notes
Turn   | Place    | Note
-------+----------+-------------------------------------------
     0 | D:1      | epen the Naga Ice Elementalist began the quest for the Orb.
     0 | D:1      | Reached XP level 1. HP: 15/15 MP: 3/3
   617 | D:1      | Found a faded altar of an unknown god.
   617 | D:1      | Noticed an iron imp
   791 | D:2      | Reached XP level 2. HP: 21/24 MP: 3/5
  1114 | D:2      | Found a runed translucent door.
  1115 | D:2      | Noticed Crazy Yiuf
  1187 | D:2      | Reached skill level 1 in Fighting
  1347 | D:2      | Reached XP level 3. HP: 29/31 MP: 2/6
  1719 | D:2      | Slain by a gnoll

Illustrated notes

Levels and vault maps discovered:
D:1:      dpeg_arrival_radiant, layout_basic,
          dreamdust_ecumenical_altar_sealed_demon
D:2:      layout_basic, uniq_robin, uniq_jessica, uniq_crazy_yiuf_cottage

Skill      XL: |  1  2 |
---------------+-------+-----
Fighting       | 1 |  1.2
Dodging        | 2 |  2.0
Stealth        | |  3.0
Spellcasting   | |  2.3
Ice Magic      | |  4.3

Action                   || total
-------------------------++-------
Melee: Unarmed           ||     7
       Dagger            ||    10
 Cast: Freeze            ||    27
  Use: Scroll            ||     1
 Stab: Sleeping          ||     3
Armor: Robe              ||     6
Dodge: Dodged            ||    17

Table legend: (Time is in decaauts)
 A = Elapsed time spent in this place.
 B = Non-inter-level travel time spent in this place.
 C = Inter-level travel time spent in this place.
 D = Time resting spent in this place.
 E = Time spent auto-exploring this place.
 F = Levels seen in this place.
 G = Mean time per level.
                   A        B        C        D        E       F      G
               +--------+--------+--------+--------+--------+-----+--------+
         Total |   2157 |   2148 |      9 |      0 |   1975 |   2 | 1078.5 |
       Dungeon |   2157 |   2148 |      9 |      0 |   1975 |   2 | 1078.5 |
               +--------+--------+--------+--------+--------+-----+--------+

Top non-repeatable levels by time:
     D:2: 1172 daAuts
     D:1: 984 daAuts
